 Dungeon Crawl Stone Soup version 0.21.1-1-g345015f (webtiles) character file.

105 shakethe the Skirmisher (level 4, -4/37 HPs)
             Began as a Demonspawn Fighter on Feb 24, 2018.
             Slain by a gnoll
             ... wielding a +4 halberd of protection
              (10 damage)
             ... on level 3 of the Dungeon.
             The game lasted 00:02:07 (2383 turns).

shakethe the Skirmisher (Demonspawn Fighter)        Turns: 2383, Time: 00:02:07

Health: -4/37      AC:  8    Str: 16    XL:     4   Next: 53%
Magic:  4/4        EV:  9    Int: 11    God:
Gold:   146        SH:  0    Dex: 12    Spells: 3/3 levels left

rFire    . . .     SeeInvis .   a - +0 war axe
rCold    . . .     Gourm    .   (no shield)
rNeg     . . .     Faith    .   b - +0 scale mail
rPois    .         Spirit   .   (no helmet)
rElec    .         Reflect  .   (no cloak)
rCorr    .         Harm     .   (no gloves)
MR       .....                  (no boots)
Stlth    ..........             (no amulet)
HPRegen  0.12/turn              (no ring)
MPRegen  0.09/turn              (no ring)

@: no status effects
A: iridescent scales 1, powered by pain 1
a: no special abilities


You were on level 3 of the Dungeon.
You were full.

You visited 1 branch of the dungeon, and saw 3 of its levels.

You collected 146 gold pieces.

Inventory:

Hand Weapons
 a - a +0 war axe (weapon)
Armour
 b - a +0 scale mail (worn)
 c - a +0 shield
Jewellery
 j - a cursed -2 ring of intelligence {unknown}
   (You found it on level 2 of the Dungeon)
Scrolls
 g - a scroll of fog {unknown}
 h - 2 scrolls of remove curse {unknown}
 i - a scroll of enchant weapon {unknown}
 k - a scroll of identify {unknown}
 n - a scroll of immolation {unknown}
 o - a scroll of random uselessness {unknown}
Potions
 d - a potion of might
 e - 2 potions of heal wounds {unknown}
 m - a potion of flight {unknown}
Books
 l - a book of Misfortune
   (You found it on level 2 of the Dungeon)
Comestibles
 f - a ration


   Skills:
 + Level 3.9 Fighting
 * Level 3.7 Axes
 - Level 2.7 Armour
 - Level 2.7 Shields


You had 3 spell levels left.
You didn't know any spells.

Dungeon Overview and Level Annotations

Branches:
Dungeon (3/15)

Altars:
Okawaru


Innate Abilities, Weirdness & Mutations

You are partially covered in iridescent scales. (AC +2)
You sometimes gain a little power by taking damage.


Message History

You are poisoned.
The adder poisons you! The adder barely misses you.
You take 3 damage, and have 34/37 hp.
You barely miss the adder.
You feel sick. The adder bites you but does no damage.
The adder closely misses you.
You take 1 damage, and have 33/37 hp.
You hit the adder.
You feel sick. The adder bites you but does no damage. The adder bites you.
You are more poisoned.
The adder poisons you!
You take 1 damage, and have 32/37 hp.
You slash the adder!
You kill the adder!
You feel sick.
You take 1 damage, and have 31/37 hp.
You feel sick.
You take 1 damage, and have 30/37 hp.
You feel sick.
You take 1 damage, and have 29/37 hp.
You feel sick.
You take 1 damage, and have 28/37 hp.
You feel sick.
You take 1 damage, and have 28/37 hp.
You feel sick.
You take 1 damage, and have 27/37 hp.
You start resting.
You feel sick. x4
You are no longer poisoned.
You take 2 damage, and have 25/37 hp.
You eat one of the 3 rations.
That ration really hit the spot!
You eat one of the 2 rations.
That ration really hit the spot!
There is a stone staircase leading down here.
You start resting.
Health restored: 37 You climb downwards.
The rat barely misses you. The worm bites you.
There is a stone staircase leading up, spattered with blood here.
You take 3 damage, and have 34/37 hp.
You slash the worm! You closely miss the rat.
The rat bites you but does no damage. The worm closely misses you.
You hit the worm.
Your scale mail prevents you from hitting the rat.
The rat bites you but does no damage. The rat closely misses you.
The worm bites you!
You take 8 damage, and have 26/37 hp.
MASSIVE DAMAGE!!
You hit the worm. You barely miss the rat. The rat closely misses you.
You hit the worm.
You kill the worm!
Your scale mail prevents you from hitting the rat.
The rat barely misses you.
You slash the rat!
You kill the rat!
No target in view!
No target in view!
No target in view!
No target in view!
No target in view!
No target in view!
No target in view!
No target in view!
No target in view!
No target in view!
No target in view!
No target in view!
No target in view!
No target in view!
No target in view!
Found a stone staircase leading down.
o - a scroll labeled YCEP CYECZIL No target in view!
No target in view!
No target in view!
No target in view!
No target in view!
A gnoll and an orc come into view.
The gnoll is wielding a halberd of protection.
The orc shouts!
The gnoll shouts!
You hear a shout! x2
An orc comes into view. It is wielding a flail.
You see here 9 gold pieces.
You regained 2 hp, and now have 29/37 hp.
A gnoll and an orc come into view.
The orc shouts! x2 2 gnolls come into view.
The gnoll shouts! x2
The orc hits you with a flail.
You hit the gnoll. You hit the orc. You hit the orc but do no damage.
The orc hits you but does no damage. The orc hits you with a flail.
The gnoll hits you with a halberd of protection!
The orc hits you from afar with a trident.
* * * LOW HITPOINT WARNING * * *
You are too injured to fight recklessly!
You are too injured to fight recklessly!
You are too injured to fight recklessly!
You are too injured to fight recklessly!
You are too injured to fight recklessly!
You are too injured to fight recklessly!
You take 23 damage, and have 6/37 hp.
MASSIVE DAMAGE!!
The gnoll hits you from afar with a halberd of protection!
You die...

..##...##........##
..........<.........
#...)..........###
.#####.............#
..........#####....#
.#####....# ....#
#.$..# ....#
##....##### ...#
#..@......#
#ggo......#
#.oo......#
#..gg.....#
#.........#
#.........#
#.........#
#.........#
#$........


You could see 4 gnolls and 3 orcs.

Vanquished Creatures
  2 adders (D:2)
  An ooze (D:2)
  An adder skeleton (D:2)
  A worm (D:3)
  7 dart slugs
  A leopard gecko (D:2)
  9 bats
  2 giant cockroaches (D:2)
  8 goblins
  7 hobgoblins
  4 jackals (D:1)
  A quokka (D:2)
  A ball python (D:2)
  A frilled lizard (D:1)
  9 kobolds
  6 rats
61 creatures vanquished.

Notes
Turn   | Place    | Note
-------+----------+-------------------------------------------
     0 | D:1      | shakethe the Demonspawn Fighter began the quest for the Orb.
     0 | D:1      | Reached XP level 1. HP: 18/18 MP: 1/1
    89 | D:1      | Reached skill level 2 in Axes
   111 | D:1      | Gained mutation: You sometimes gain a little power by taking damage. [demonic ancestry]
   111 | D:1      | Reached XP level 2. HP: 8/24 MP: 2/2
   718 | D:1      | Gained mutation: You are partially covered in iridescent scales. (AC +2) [demonic ancestry]
   718 | D:1      | Reached XP level 3. HP: 14/29 MP: 3/3
  1354 | D:2      | Reached skill level 3 in Axes
  1526 | D:2      | Reached XP level 4. HP: 27/37 MP: 4/4
  1651 | D:2      | Found an iron altar of Okawaru.
  2382 | D:3      | HP: 6/37 [orc/trident (6)]
  2383 | D:3      | Slain by a gnoll

Skill      XL: |  1  2  3 |
---------------+----------+-----
Axes           | 2 3 |  3.7
Fighting       | |  3.9
Armour         | |  2.7
Shields        | |  2.7

Action                   |  1- 3 |  4- 6 || total
-------------------------+-------+-------++-------
Melee: War axe           |   128 |    79 ||   207
  Eat: Chunk             |     2 |     1 ||     3
       Ration            |       |     2 ||     2
Armor: Scale mail        |    93 |    58 ||   151
Dodge: Dodged            |    87 |    56 ||   143
Block: Shield            |     1 |       ||     1

Vault maps used:
D:1:      dpeg_arrival_houses_and_road
D:2:      nicolae_overflow_hidden_temple, serial_forest,
          infiniplex_forest_clump_cross, infiniplex_forest_straight_1,
          infiniplex_forest_clump_small, infiniplex_forest_clump_long,
          infiniplex_forest_lined_4_way, infiniplex_forest_clump_medium,
          infiniplex_forest_straight_4, infiniplex_forest_clump_long,
          infiniplex_forest_end_2, first_ration, minmay_tetromino_l2
D:3:      amethyst_overflow_temple_binary

Table legend:
 A = Turns spent in this place as a percentage of turns spent in the entire game.
 B = Non-inter-level travel turns spent in this place as a percentage of non-inter-level travel turns spent in the entire game.
 C = Inter-level travel turns spent in this place as a percentage of turns spent in this place.
 D = Turns resting spent in this place as a percentage of non-inter-level travel turns spent in this place.
 E = Turns spent auto-exploring this place as a percentage of non-inter-level travel turns spent in this place.
 F = Non-inter-level travel turns spent in this place divided by the number of levels of this place that you've seen.
                   A       B       C       D       E      F
               +-------+-------+-------+-------+-------+----------------------
         Total | 100.0 | 100.0 |   2.9 |  20.0 |  60.3 | 771.0
       Dungeon | 100.0 | 100.0 |   2.9 |  20.0 |  60.3 | 771.0
               +-------+-------+-------+-------+-------+----------------------

Table legend:
 A = Kills in this place as a percentage of kills in entire the game.
 B = Kills by you in this place as a percentage of kills by you in the entire game.
 C = Kills by friends in this place as a percentage of kills by friends in the entire game.
 D = Other kills in this place as a percentage of other kills in the entire game.
 E = Experience gained in this place as a percentage of experience gained in the entire game.
 F = Experience gained in this place divided by the number of levels of this place that you have seen.
                   A       B       C       D       E      F
               +-------+-------+-------+-------+-------+----------------------
         Total | 100.0 | 100.0 |   N/A |   N/A | 100.0 |  50.0
       Dungeon | 100.0 | 100.0 |   N/A |   N/A | 100.0 |  50.0
               +-------+-------+-------+-------+-------+----------------------
